 Dungeon Sprint DCSS version 0.21-a0-286-g6fcecc0 (webtiles) character file.

339 potatolord6000 the Destroyer (level 6, -12/32 HPs)
             Began as a Tengu Conjurer on Sept 27, 2017.
             Was a Priest of Sif Muna.
             Mangled by a death yak (19 damage)
             ... in the Dungeon (Sprint VII: "The Pits").
             The game lasted 00:07:19 (999 turns).

potatolord6000 the Destroyer (Tengu Conjurer)        Turns: 999, Time: 00:07:21

Health: -12/32     AC:  8    Str:  9    XL:     6   Next: 55%
Magic:  11/15      EV: 13    Int: 17    God:    Sif Muna [***...]
Gold:   0          SH:  0    Dex: 14    Spells: 5/16 levels left

rFire    . . .     SeeInvis .   p - staff of energy
rCold    . . .     Gourm    .   (no shield)
rNeg     . . .     Faith    .   q - +3 ring mail
rPois    .         Spirit   .   (helmet restricted)
rElec    .         Reflect  .   (no cloak)
rCorr    .         Harm     .   (no gloves)
MR       .....     NoTele   +   (boots unavailable)
Stlth    +.........             (no amulet)
HPRegen  0.10/turn              (no ring)
MPRegen  0.14/turn              (no ring)

@: very slightly contaminated
A: beak, talons 3, able to fly 1
a: Fly, Divine Energy, Channel Magic, Renounce Religion


You were in the Dungeon.
You worshipped Sif Muna.
Sif Muna was most pleased with you.
You were completely stuffed.

You visited 1 branch

Inventory:

Armour
 q - a +3 ring mail (worn)
Magical Staves
 p - an uncursed staff of energy (weapon)
Scrolls
 k - 3 scrolls of remove curse
 l - 5 scrolls of amnesia
Potions
 d - 5 potions of curing
 e - 2 potions of heal wounds
 f - a potion of haste
 g - 3 potions of magic
 h - 2 potions of berserk rage
 j - 2 potions of invisibility
Books
 b - a book of Conjurations

   Spells                             Type                      Level
   a - Magic Dart                     Conjuration                  1
   b - Searing Ray                    Conjuration                  2
   c - Dazzling Spray                 Conjuration/Hexes            3
   d - Fulminant Prism                Conjuration/Hexes            4
   e - Force Lance                    Conjuration/Translocation    4
   f - Iskenderun's Mystic Blast      Conjuration                  4
Comestibles
 c - 8 bread rations
 n - 40 fruits
 o - 3 meat rations


   Skills:
 + Level 6.1 Staves
 + Level 7.0 Dodging
 - Level 2.0 Stealth
 + Level 5.9 Spellcasting
 + Level 9.5 Conjurations
 + Level 5.7 Evocations


You had 5 spell levels left.
You knew the following spells:

 Your Spells              Type           Power        Failure   Level  Hunger
a - Magic Dart            Conj           ####         1%          1    None
b - Searing Ray           Conj           #####.       1%          2    None
c - Iskenderun's Mystic   Conj           #####...     7%          4    None
d - Force Lance           Conj/Tloc      ###.....     45%         4    None


Dungeon Overview and Level Annotations

Branches:
Dungeon (1/1)

Altars:
Ashenzari
Cheibriados
Dithmenos
Elyvilon
Fedhas
Gozag
Hepliaklqana
Kikubaaqudgha
Makhleb
Nemelex Xobeh
Okawaru
Qazlal
Ru
Sif Muna
Trog
Uskayaw
Vehumet
Wu Jian
Xom
Yredelemnul
Zin
The Shining One
Beogh
Jiyva
Lugonu


Innate Abilities, Weirdness & Mutations

You have a beak for a mouth.
You have claws for feet.
You can fly.


Message History

Aiming: Searing Ray
Press: ? - help, Shift-Dir - straight line, f - death yak
Aim: a death yak (moderately wounded)
The searing ray hits the death yak.
The death yak is moderately wounded. (Press . to maintain the ray.)
The searing ray hits the death yak.
The death yak is moderately wounded.
The searing ray hits the death yak.
The death yak is heavily wounded.
The searing ray hits the death yak.
The death yak is heavily wounded.
You finish channeling your searing ray.
The death yak snorts and paws the ground.
The death yak gores you!!
Ouch! That really hurt!
* * * LOW HITPOINT WARNING * * *
The death yak gores you!!
Ouch! That really hurt!
You die...

#.##)#..#'###...<..
#)#.)......##......
#.#........##......
#'###########......
#).#.#.## #######
#.......# ##.#.#.##
#.......#+#
##@#.#.##.+
#..Y....#'#
##.#.#..'.#
##########


You could see a death yak.

Vanquished Creatures
  2 hungry ghosts (D)
  2 orc wizards (D)
  A white imp (D)
  An adder skeleton (D)
  A leopard gecko (D)
  2 orcs (D)
  A ball python (D)
  2 bats (D)
  A giant cockroach (D)
  A goblin (D)
  A hobgoblin (D)
  A quokka (D)
  A frilled lizard (D)
  2 kobolds (D)
  A rat (D)
20 creatures vanquished.

Notes
Turn   | Place    | Note
-------+----------+-------------------------------------------
     0 | D        | potatolord6000 the Tengu Conjurer began the quest for the Orb.
     0 | D        | Reached XP level 1. HP: 10/10 MP: 4/4
    60 | D        | Found a bloodstained altar of Trog.
    60 | D        | Found a deep blue altar of Sif Muna.
    60 | D        | Found a viscous altar of Jiyva.
    60 | D        | Found a hazy altar of Hepliaklqana.
    60 | D        | Found an opulent altar of Gozag.
    61 | D        | Found a glowing golden altar of the Shining One.
    61 | D        | Found a glowing silver altar of Zin.
    61 | D        | Found a basalt altar of Yredelemnul.
    61 | D        | Found a shimmering altar of Xom.
    61 | D        | Found an ornate altar of the Wu Jian Council.
    61 | D        | Found a sacrificial altar of Ru.
    61 | D        | Found a stormy altar of Qazlal.
    61 | D        | Found an iron altar of Okawaru.
    61 | D        | Found a sparkling altar of Nemelex Xobeh.
    61 | D        | Found a burning altar of Makhleb.
    61 | D        | Found a blossoming altar of Fedhas.
    61 | D        | Found a white marble altar of Elyvilon.
    61 | D        | Found a shadowy altar of Dithmenos.
    61 | D        | Found a snail-covered altar of Cheibriados.
    63 | D        | Found a radiant altar of Vehumet.
    63 | D        | Found a corrupted altar of Lugonu.
    63 | D        | Found a roughly hewn altar of Beogh.
    65 | D        | Found an ancient bone altar of Kikubaaqudgha.
    65 | D        | Found a hide-covered altar of Uskayaw.
    65 | D        | Found a shattered altar of Ashenzari.
    66 | D        | Became a worshipper of Sif Muna the Loreminder
   204 | D        | Reached XP level 2. HP: 6/15 MP: 4/6
   381 | D        | Learned a level 2 spell: Searing Ray
   390 | D        | Reached skill level 1 in Staves
   390 | D        | Reached skill level 1 in Evocations
   393 | D        | Reached * piety under Sif Muna
   402 | D        | Reached skill level 6 in Conjurations
   569 | D        | Reached XP level 3. HP: 9/19 MP: 0/8
   604 | D        | Noticed a hungry ghost
   617 | D        | Killed a hungry ghost
   617 | D        | Reached ** piety under Sif Muna
   617 | D        | Reached skill level 5 in Staves
   617 | D        | Reached skill level 5 in Dodging
   617 | D        | Reached skill level 5 in Spellcasting
   617 | D        | Reached skill level 8 in Conjurations
   617 | D        | Reached XP level 4. HP: 24/24 MP: 0/12
   617 | D        | Gained mutation: You can fly. [Tengu growth]
   617 | D        | Reached XP level 5. HP: 28/28 MP: 0/13
   772 | D        | Noticed a hungry ghost
   784 | D        | Learned a level 4 spell: Iskenderun's Mystic Blast
   789 | D        | Learned a level 4 spell: Force Lance
   813 | D        | Killed a hungry ghost
   813 | D        | Reached *** piety under Sif Muna
   813 | D        | Reached skill level 9 in Conjurations
   813 | D        | Reached skill level 5 in Evocations
   813 | D        | Reached XP level 6. HP: 21/32 MP: 2/15
   982 | D        | Noticed a death yak
   999 | D        | Mangled by a death yak

Vault maps used:
D:        pitsprint

Skill      XL: |  1  2  3  4  5 |
---------------+----------------+-----
Dodging        | 3 5 7 |  7.0
Staves         | 2 5 6 |  6.1
Spellcasting   | 3 5 |  5.9
Evocations     | 1 4 5 |  5.7
Conjurations   | 6 8 9 |  9.5
Stealth        | |  2.0

Action                   |  1- 3 |  4- 6 || total
-------------------------+-------+-------++-------
Melee: Staff             |    23 |     5 ||    28
       Kick              |     1 |       ||     1
       Peck              |     1 |       ||     1
 Cast: Magic Dart        |    22 |    14 ||    36
       Searing Ray       |     3 |     1 ||     4
       Iskenderun's Myst |       |     6 ||     6
 Abil: Fly               |       |     1 ||     1
Evoke: Staff of energy   |     4 |     2 ||     6
  Use: Potion            |     2 |     5 ||     7
       Scroll            |       |     2 ||     2
  Eat: Meat ration       |       |     4 ||     4
Armor: Robe              |     4 |       ||     4
       Ring mail         |     2 |     6 ||     8
Dodge: Dodged            |    26 |     5 ||    31

Table legend:
 A = Spawn XP
 B = Non-spawn XP
 C = Spawn XP percentage of total XP
 D = Spawn monster count
 E = Non-spawn monster count
 F = Spawn count percentage of total count
 G = Total turns spent on level
                    A         B        C        D         E        F      G
               +---------+---------+-------+---------+---------+-------+---------
         Total |       0 |     485 |   0.0 |       0 |      20 |   0.0 |   999
               +---------+---------+-------+---------+---------+-------+---------
             D |       0 |     485 |   0.0 |       0 |      20 |   0.0 |   999
               +---------+---------+-------+---------+---------+-------+---------
